 Dungeon Crawl Stone Soup version 0.31.0-11-ge490571c62 (webtiles) character file.

Game seed: 12709059659622627827

45 qw the Shooter (level 3, -2/18 HPs)
             Began as a Spriggan Hunter on Feb 4, 2024.
             Slain by a goblin
             ... wielding a +0 club
             ... led by Robin
              (6 damage)
             ... on level 2 of the Dungeon.
             The game lasted 00:00:02 (832 turns).

qw the Shooter (Spriggan Hunter)                     Turns: 832, Time: 00:00:03

Health: -2/18      AC:  2    Str:  7    XL:     3   Next: 42%
Magic:  4/4        EV: 24    Int: 10    God:
Gold:   58         SH:  0    Dex: 20    Spells: 2/2 levels left

rFire   . . .        a - +0 shortbow
rCold   . . .        (shield currently unavailable)
rNeg    . . .        c - +0 robe
rPois   .            (helmet restricted)
rElec   .            (no cloak)
rCorr   .            (gloves unavailable)
SInv    +            (boots unavailable)
Will    .....        (no amulet)
Stlth   ++           f - +5 ring of evasion
HPRegen 0.23/turn    (no ring)
MPRegen 0.09/turn

%: no passive effects
@: very quick
A: very small, no large weapons, unfitting armour, see invisible, speed 3
a: no special abilities


You were on level 2 of the Dungeon.
You visited 1 branch of the dungeon, and saw 2 of its levels.

You collected 58 gold pieces.


Innate Abilities, Weirdness & Mutations

You are very small and have problems with some larger weapons.
You are too small for most types of armour.
You have supernaturally acute eyesight. (SInv)
You cover ground extremely quickly. (Speed+++)


   Skills:
 - Level 1.5 Fighting
 + Level 4.7 Ranged Weapons
 - Level 4.0 Dodging
 - Level 1.5 Stealth


You had 2 spell levels left.
You didn't know any spells.
Your spell library was empty.

Inventory:

Hand Weapons
 a - a +0 shortbow (weapon)
Armour
 c - a +0 robe (worn)
Jewellery
 f - a +5 ring of evasion (left hand)
Scrolls
 b - a scroll of noise {unknown}
 g - a scroll of identify {unknown}
Potions
 d - a potion of degeneration {unknown}
 e - a potion of haste {unknown}

Dungeon Overview and Level Annotations

Branches:
Dungeon (2/15)

Altars:

Annotations:
D:2 Robin


Message History

A rat comes into view.
Enter note:
Enter note: You shoot an arrow.
The arrow hits the rat.
You kill the rat!
You now have 45 gold pieces (gained 5).
You now have 58 gold pieces (gained 13).
You see here a rat corpse.
You open the door.
Robin, 2 hobgoblins and 6 goblins come into view.
Robin shouts!
The hobgoblin shouts!
The goblin shouts!
You hear a shout!
The goblin shouts!
A hobgoblin comes into view.
A goblin comes into view. It is wielding a +0 dagger.
The goblin shouts!
You shoot an arrow. The hobgoblin shouts!
The arrow hits the goblin.
The goblin is severely wounded.
Robin throws the goblin at you! The goblin misses you.
The goblin completely misses you.
You shoot an arrow. The arrow barely misses the goblin.
The arrow hits the hobgoblin.
The hobgoblin is moderately wounded.
Robin roars a battlecry!
The goblins go into a battle-frenzy!
The goblin misses you. The goblin hits you with a +0 club.
You shoot an arrow. The arrow hits the goblin!
You kill the goblin!
The goblin unwields a +0 club.
The goblin wields a +0 sling.
The goblin shoots a sling bullet.
The sling bullet barely misses you. The goblin hits you with a +0 club.
The hobgoblin completely misses you. The goblin hits you with a +0 club.
You shoot an arrow. The arrow hits the hobgoblin.
The hobgoblin is almost dead.
The hobgoblin completely misses you. The goblin closely misses you.
You shoot an arrow. The arrow hits the hobgoblin.
You kill the hobgoblin!
The goblin hits you with a +0 club.
You die...

.#.......# #.....
.#.###...## #.....
.....#....# . #.....
...#.#....# .. #####.
####.#.##.# ... #.
#.#.##.# .... ##
#.#.##.# ....# ##
#.#.##.########gg...# #.
#.#%##......g@)gg...+ +.
####.#.###########g....#
#. .......# ....# ##
###....# ...# #...
###.<..# ### ####
..+....# .##....#
.##....# .##....#


You could see a hobgoblin (strong) and 5 goblins.

Vanquished Creatures
  An adder (D:2)
  A dart slug (D:1)
  6 ball pythons
  2 bats (D:1)
  An endoplasm (D:1)
  2 giant cockroaches
  4 goblins
  3 hobgoblins (D:2)
  3 jackals (D:1)
  A quokka (D:1)
  3 frilled lizards (D:1)
  2 kobolds
  4 rats
33 creatures vanquished.

Notes
Turn   | Place    | Note
-------+----------+-------------------------------------------
     0 | D:1      | qw the Spriggan Hunter began the quest for the Orb.
     0 | D:1      | Reached XP level 1. HP: 10/10 MP: 2/2
     0 | D:1      | 0 ||| qw: Version: 0.3-a-160-g6735b56
     0 | D:1      | 0 ||| qw: Game counter: 5376
     0 | D:1      | 0 ||| qw: Melee chars always use a shield: true
     0 | D:1      | 0 ||| qw: God list: Okawaru
     0 | D:1      | 0 ||| qw: Allow faded altars: false
     0 | D:1      | 0 ||| qw: Do Orc after clearing Dungeon:15 true
     0 | D:1      | 0 ||| qw: Do second Lair branch before Depths: true
     0 | D:1      | 0 ||| qw: Lair rune preference: random
     0 | D:1      | 0 ||| qw: Goals: Normal
     0 | D:1      | 0 ||| PLANNING D:1-11
    50 | D:1      | Reached skill level 3 in Dodging
   142 | D:1      | Reached XP level 2. HP: 14/14 MP: 3/3
   426 | D:1      | 426 ||| UPGRADING to +5 ring of evasion.
   427 | D:1      | 427 ||| DROPPING ring of magical power.
   428 | D:1      | 428 ||| READING scroll labelled YSHAIL NOHAOXT.
   429 | D:1      | 429 ||| READING scroll labelled HIABACVUOF.
   456 | D:1      | 456 ||| DROPPING scroll of butterflies.
   523 | D:2      | Reached XP level 3. HP: 18/18 MP: 4/4
   827 | D:2      | Noticed Robin
   830 | D:2      | HP: 4/18 [goblin/+0 club[Robin] (6)]
   832 | D:2      | Slain by a goblin

Levels and vault maps discovered:
D:1:      dpeg_arrival_boxes_within_box, layout_rooms
D:2:      layout_basic, uniq_robin

Skill      XL: |  1  2 |
---------------+-------+-----
Dodging        | 3 4 |  4.0
Fighting       | |  1.5
Ranged Weapons | |  4.7
Stealth        | |  1.5

Action                     || total
---------------------------++-------
   Fire: Shortbow          ||    69
    Use: Scroll            ||     2
 Armour: Robe              ||    10
  Dodge: Dodged            ||    33

Table legend:
 A = Non-vault XP
 B = Vault XP
 C = Vault XP percentage of total XP
 D = Non-vault monster count
 E = Vault monster count
 F = Vault count percentage of total count
                 A         B        C        D         E       F
            +---------+---------+-------+---------+---------+-------
      Total |      63 |       4 |   6.0 |      31 |       2 |   6.1
            +---------+---------+-------+---------+---------+-------
        D:1 |      38 |       0 |   0.0 |      23 |       0 |   0.0
        D:2 |      25 |       4 |  13.8 |       8 |       2 |  20.0
            +---------+---------+-------+---------+---------+-------
